 Dungeon Crawl Stone Soup version 0.16.1-14-g82efdee (webtiles) character file.

637 PersonB the Cutter (level 7, -3/78 HPs)
             Began as a Hill Orc Enchanter on Apr 14, 2015.
             Was a Follower of Dithmenos.
             Slain by a gnoll
             ... wielding a +0 whip of electrocution
              (13 damage)
             ... on level 7 of the Dungeon.
             The game lasted 00:21:03 (6435 turns).

PersonB the Cutter (Hill Orc Enchanter)             Turns: 6435, Time: 00:21:03

Health: -3/78      AC: 23    Str: 11    XL:     7   Next: 50%
Magic:  1/10       EV:  2    Int: 22    God:    Dithmenos [*.....]
Gold:   316        SH:  0    Dex: 11    Spells: 3 memorised, 3 levels left

rFire  . . .     SeeInvis +     a - +1 dagger (venom)
rCold  + . .     Clarity  .     D - melded +2 robe
rNeg   + + +     SustAb   .     (no shield)
rPois  +         Gourm    .     k - melded +0 helmet
rElec  .         Spirit   .     y - melded +2 cloak
rCorr  +         Warding  .     (gloves currently unavailable)
rMut   .         NoTele   +     s - melded +2 pair of boots
MR     .....                    i - amulet of resist corrosion
Stlth  +++.......               A - ring of see invisible
                                B - ring of protection from cold

@: brilliant, tree-form, very slightly contaminated, wreathed by umbra, not
resistant to hostile enchantments, fairly stealthy
A: no striking features
a: Renounce Religion


You were on level 7 of the Dungeon.
You worshipped Dithmenos.
Dithmenos was aware of your devotion.
You were not hungry.
You were a tree.
You visited 2 branches of the dungeon, and saw 8 of its levels.

You collected 316 gold pieces.

Inventory:

Hand weapons
 a - a +1 dagger of venom (weapon)
 b - a +0 shortbow
 u - a +0 hunting sling
 v - a +0 dagger
 C - a +0 blowgun
 H - a +2 dagger
 P - a +0 short sword of holy wrath
Missiles
 g - 26 poisoned needles
 x - 11 sling bullets
 J - 2 javelins of returning (quivered)
Armour
 k - a +0 helmet (melded)
 s - a +2 pair of boots (melded)
 y - a +2 cloak (melded)
 D - a +2 robe (melded)
Jewellery
 i - an amulet of resist corrosion (around neck)
 l - an uncursed ring of ice
 m - an uncursed amulet of stasis
 n - a +3 ring of intelligence
 A - a ring of see invisible (right branch)
 B - a ring of protection from cold (left branch)
Magical devices
 w - a wand of random effects (9)
Scrolls
 e - a scroll of teleportation
 h - 4 scrolls of remove curse {unknown}
 p - 2 scrolls of blinking {unknown}
 r - 3 scrolls of enchant armour
 M - a scroll of random uselessness {unknown}
 Q - a scroll of magic mapping {unknown}
Potions
 j - a potion of cure mutation {unknown}
 t - a potion of lignification
 z - a potion of might {unknown}
 E - a potion of brilliance
 G - 2 potions of restore abilities {unknown}
 I - 2 potions of berserk rage {unknown}
 K - a potion of heal wounds {unknown}
 N - a potion of magic
 O - a potion of cancellation {unknown}
Books
 c - a book of Maledictions

   Spells                             Type                      Level
   a - Corona                         Hexes                        1
   b - Sure Blade                     Hexes/Charms                 2
   c - Ensorcelled Hibernation        Hexes/Ice                    2
   d - Confuse                        Hexes                        3
   e - Dazzling Spray                 Conjuration/Hexes            3
   f - Enslavement                    Hexes                        4
 F - a book of Summonings

   Spells                             Type                      Level
   a - Abjuration                     Summoning                    3
   b - Recall                         Summoning/Translocation      3
   c - Shadow Creatures               Summoning                    5
   d - Summon Demon                   Summoning                    5
   e - Summon Forest                  Summoning/Translocation      5
   f - Monstrous Menagerie            Summoning                    6
Comestibles
 d - 3 meat rations
 f - a beef jerky
 o - 5 fruits
 q - 6 bread rations
 L - 2 chunks of flesh


   Skills:
 * Level 1.4 Fighting
 * Level 7.0 Short Blades
 - Level 1.5 Dodging
 - Level 2.4 Stealth
 + Level 1.6 Spellcasting
 - Level 1.0 Conjurations
 - Level 4.0 Hexes
 - Level 1.0 Ice Magic


You had 3 spell levels left.
You knew the following spells:

 Your Spells              Type           Power        Failure   Level  Hunger
a - Corona                Hex            ####...      1%          1    #......
b - Ensorcelled Hibernat  Hex/Ice        ####..       1%          2    ###....
c - Dazzling Spray        Conj/Hex       ####....     2%          3    ###....


Dungeon Overview and Level Annotations

Branches:
Dungeon (7/15)             Temple (1/1) D:4

Altars:
Ashenzari
Cheibriados
Dithmenos
Elyvilon
Fedhas
Gozag
Kikubaaqudgha
Makhleb
Nemelex Xobeh
Okawaru
Qazlal
Ru
Trog
Vehumet
Xom
Yredelemnul
Zin
The Shining One

Shops:
D:5 (

Annotations:
D:6 Natasha


Message History

The giant frog gives a loud, deep croak!
The gnoll hits you but does no damage.
Casting: Ensorcelled Hibernation
Confirm with . or Enter, or press ? or * to list all spells.
You don't have enough magic to cast that spell.
Unknown command.
Drink which item? (? for menu, Esc to quit)
It was a potion of lignification.
You turn into a tree.
Your +2 cloak melds into your body.
Your +0 helmet melds into your body.
Your +2 pair of boots melds into your body.
Your +2 robe melds into your body.
Your roots penetrate the ground.
The gnoll hits you but does no damage. x2
You are electrocuted!
* * * LOW HITPOINT WARNING * * *
Unknown command.
Drink which item? (? for menu, Esc to quit)
It was a potion of brilliance.
You feel clever all of a sudden. The gnoll hits you but does no damage.
You are electrocuted!
You die...

###
#♣#
#g#
#F#
#..
##.
<#
..
##


You could see a giant frog and a gnoll.

Vanquished Creatures
  2 scorpions (D:5)
  A quasit (D:5)
  An orc priest (D:5)
  2 hounds
  2 orc wizards (D:5)
  An iguana (D:4)
  2 worker ants
  A hound skeleton (D:4)
  2 worker ant zombies
  10 adders
  A gnoll (D:6)
  4 giant mites
  5 worms
  An adder zombie (D:5)
  A giant gecko (D:2)
  An ooze (D:2)
  4 orcs
  11 bats
  9 hobgoblins
  11 kobolds
  2 quokkas
  4 ball pythons
  A ball python zombie (D:5)
  2 giant cockroaches
  A giant gecko skeleton (D:5)
  3 giant newts
  10 goblins
  3 jackals (D:6)
  7 rats
105 creatures vanquished.

Vanquished Creatures (others)
  A butterfly (D:4)
1 creature vanquished.

Grand Total: 106 creatures vanquished

Notes
Turn   | Place    | Note
--------------------------------------------------------------
     0 | D:1      | PersonB, the Hill Orc Enchanter, began the quest for the Orb.
     0 | D:1      | Reached XP level 1. HP: 14/14 MP: 2/2
     2 | D:1      | Noticed an electric eel
   364 | D:1      | Reached XP level 2. HP: 20/20 MP: 3/3
   705 | D:1      | Learned a level 2 spell: Ensorcelled Hibernation
  1252 | D:2      | Reached XP level 3. HP: 7/26 MP: 5/5
  2222 | D:2      | Reached XP level 4. HP: 33/33 MP: 1/6
  2375 | D:2      | Learned a level 3 spell: Dazzling Spray
  2428 | D:2      | Reached skill level 4 in Short Blades
  2783 | D:3      | Reached skill level 1 in Ice Magic
  2959 | D:3      | Reached XP level 5. HP: 27/38 MP: 1/7
  3813 | D:4      | Found a staircase to the Ecumenical Temple.
  3853 | Temple   | Entered the Ecumenical Temple
  3891 | Temple   | Became a worshipper of Dithmenos the Shadowed
  4028 | D:4      | Reached skill level 5 in Short Blades
  4129 | D:4      | Reached XP level 6. HP: 45/45 MP: 9/9
  4614 | D:5      | Entered Level 5 of the Dungeon
  4939 | D:5      | Found Lirelul's Weapon Boutique.
  5262 | D:5      | Reached skill level 6 in Short Blades
  5403 | D:5      | Reached XP level 7. HP: 47/50 MP: 10/10
  5535 | D:5      | Reached skill level 1 in Conjurations
  5769 | D:6      | Noticed Natasha
  5977 | D:5      | Reached skill level 1 in Fighting
  6408 | D:6      | Reached skill level 7 in Short Blades
  6435 | D:7      | Slain by a gnoll

Action                   |  1- 3 |  4- 6 |  7- 9 || total
-------------------------+-------+-------+-------++-------
Melee: Dagger            |   151 |   281 |    89 ||   521
 Cast: Ensorcelled Hiber |     5 |    35 |    10 ||    50
       Corona            |     1 |       |       ||     1
       Dazzling Spray    |       |       |     2 ||     2
  Use: Scroll            |     7 |     3 |       ||    10
       Potion            |     1 |     1 |     2 ||     4
 Stab: Sleeping          |     3 |    16 |     4 ||    23
       Distracted        |       |       |     1 ||     1
  Eat: Chunk             |     2 |    12 |     5 ||    19
       Fruit             |     2 |     2 |       ||     4
